Map: Acid Plant LE

Players

Gemini - Winner!

  • Race: Protoss Protoss
  • League: Master
  • Spawn Location: 5:00

A.I. 1 (Very Easy)

  • Race: Protoss Protoss
  • Spawn Location: 11:00

VOD

Have the link to the VOD?

Description

Time

  • Played on: May 20, 2018, 12:23 a.m.
  • Length: 9:02
Show
View Real Time Build Order
Export as new Build Order

Gemini Protoss - Winner!

Build Orders:  

Get SALT Encoding   

  12  0:01  Probe  
  13  0:13  Probe  
  14  0:17  Pylon  
  14  0:25  Probe  
  15  0:33  Probe  
  15  0:36  Gateway  
  15  0:41  Probe  
  16  0:48  Assimilator  
  17  0:52  Probe  
  17  0:55  Assimilator  
  18  1:04  Probe  
  18  1:10  Gateway  
  19  1:16  Probe  
  20  1:25  Cybernetics Core  
  20  1:28  Probe  
  21  1:36  Pylon  
  21  1:41  Probe  
  22  1:53  Probe, Warp Gate  
  23  2:02  Stalker x2  
  23  2:05  Probe  
  28  2:13  Pylon  
  28  2:22  Pylon  
  28  2:36  Robotics Facility  
  28  2:43  Stalker x2  
  32  2:55  Gateway  
  32  3:12  Warp Prism  
  32  3:13  Stalker x2  
  38  3:28  Pylon  
  38  3:36  Shield Battery  
  38  3:53  Observer  
  39  4:05  Stalker x3  
  39  4:08  Pylon  
  45  4:29  Stalker x3  
  51  4:38  Pylon  
  51  4:55  Stalker x2  
  51  4:59  Stalker  
  57  8:51  Stalker x3  
Show
View Real Time Build Order
Export as new Build Order

A.I. 1 (Very Easy) Protoss 

Build Orders:  

Get SALT Encoding   

  12  0:00  Probe  
  13  0:13  Probe  
  14  0:20  Pylon  
  14  0:37  Assimilator  
  14  0:43  Gateway  
  14  0:46  Pylon  
  14  1:15  Assimilator  
  14  1:17  Probe  
  15  1:25  Probe  
  16  1:33  Probe  
  16  1:35  Cybernetics Core  
  17  1:44  Probe  
  18  1:55  Probe  
  19  2:01  Warp Gate  
  19  2:03  Probe  
  20  2:11  Stalker  
  22  4:12  Probe  
  22  4:39  Stalker, Probe  
  22  4:43  Pylon  
  20  4:51  Probe  
  8  5:03  Probe  
  1  5:07  Zealot  
  1  5:16  Probe  
Tags
 
League
Master
Matchup
PvP
Spawn Locations
Cross Positions
Add a new tag
Caveats
  • Supply blocks, unpowered buildings, or Contaminate may cause inaccurate times.
  • Supply counts are checked every 10 seconds.